 Dungeon Crawl Stone Soup version 0.29-a0-609-gb56f46d856 (webtiles) character file.

Game seed: 2421692406939684020

77 Nedwor the Twirler (level 4, 0/27 HPs)
             Began as a Gargoyle Gladiator on June 16, 2022.
             Slain by an orc wizard
             ... wielding a +0 dagger
              (2 damage)
             ... on level 3 of the Dungeon.
             The game lasted 00:02:26 (2046 turns).

Nedwor the Twirler (Gargoyle Gladiator)             Turns: 2046, Time: 00:02:27

Health: 0/27       AC: 10    Str: 19    XL:     4   Next: 34%
Magic:  4/4        EV: 11    Int:  9    God:
Gold:   119        SH:  0    Dex: 11    Spells: 3/3 levels left

rFire   . . .      SeeInvis .   a - +0 quarterstaff
rCold   . . .      Faith    .   (shield currently unavailable)
rNeg    + . .      Spirit   .   h - +0 ring mail
rPois   ∞          Reflect  .   g - +0 helmet
rElec   +          Harm     .   (no cloak)
rCorr   .          Rampage  .   (no gloves)
Will    .....                   (no boots)
Stlth   ..........              (no amulet)
HPRegen 0.09/turn               (no ring)
MPRegen 0.09/turn               (no ring)

@: confused
A: sickness immunity, AC +3, negative energy resistance 1, electricity
resistance, torment resistance 1, petrification resistance
a: no special abilities


You were on level 3 of the Dungeon.
You visited 1 branch of the dungeon, and saw 3 of its levels.

You collected 119 gold pieces.

Inventory:

Hand Weapons
 a - a +0 quarterstaff (weapon)
Missiles
 d - 3 throwing nets (quivered)
 e - a javelin
Armour
 g - a +0 helmet (worn)
 h - a +0 ring mail (worn)
 o - a +1 leather armour of positive energy
Wands
 p - a wand of charming (11)
 x - a wand of mindburst (14)
Scrolls
 b - a scroll of blinking {unknown}
 c - 2 scrolls of magic mapping {unknown}
 i - 3 scrolls of teleportation {unknown}
 j - a scroll of enchant armour {unknown}
 l - a scroll of summoning {unknown}
 m - 2 scrolls of enchant weapon {unknown}
 n - a scroll of fog {unknown}
 v - a scroll of amnesia {unknown}
 w - 2 scrolls of fear {unknown}
Potions
 f - 3 potions of curing {unknown}
 k - a potion of berserk rage {unknown}
 q - a potion of invisibility {unknown}
 r - a potion of brilliance {unknown}
 s - a potion of attraction {unknown}
 t - 2 potions of might {unknown}
 u - a potion of heal wounds {unknown}


   Skills:
 + Level 2.9 Fighting
 * Level 4.0 Staves
 - Level 1.7 Throwing
 + Level 1.5 Armour
 + Level 2.8 Dodging


You had 3 spell levels left.
You didn't know any spells.
Your spell library contained the following spells:

 Spells                   Type           Power      Damage    Failure   Level
 Beastly Appendage        Tmut           0%         N/A       56%         1
 Poisonous Vapours        Pois/Air       0%         N/A       71%         2
 Wereblood                Tmut           0%         N/A       71%         2
 Spider Form              Tmut/Pois      0%         N/A       91%         3
 Corpse Rot               Necr/Pois/Air  0%         N/A       100%        4


Dungeon Overview and Level Annotations

Branches:
Dungeon (3/15)

Altars:


Innate Abilities, Weirdness & Mutations

You are immune to sickness and miasma.
Your stone body is resilient. (AC +3)
You are immune to poison.
You resist negative energy. (rN+)
You are resistant to electric shocks. (rElec)
You are resistant to unholy torment.
You are immune to petrification.


Message History

The orc wizard closely misses you. Something hits you but does no damage.
The orc wizard hits you with a +0 dagger.
You bump into the rock wall.
Something hits you but does no damage. The orc wizard barely misses you.
You bump into the rock wall.
You hear some strange, mumbled words.
Something tries to affect you, but you resist.
The orc wizard hits you with a +0 dagger.
* * * LOW HITPOINT WARNING * * *
You barely miss something.
You hear some strange, mumbled words.
A puff of flame appears from out of thin air!
The puff of flame hits you.
* * * LOW HITPOINT WARNING * * *
The orc wizard completely misses you.
You bump into the rock wall.
Something hits you but does no damage.
The orc wizard hits you but does no damage.
You bump into the rock wall.
You feel less confused. Something hits you but does no damage.
The orc wizard mumbles some strange words.
The orc wizard flickers and vanishes!
You hit something but do no damage. Something hits you.
* * * LOW HITPOINT WARNING * * *
You hear some strange, mumbled words.
You are confused.
You closely miss something. Something hits you but does no damage.
You hear some strange, mumbled words.
Something tries to affect you, but you resist.
You completely miss something.
You hear some strange, mumbled words.
You are more confused.
Something hits you but does no damage.
You bump into the rock wall.
Something hits you.
* * * LOW HITPOINT WARNING * * *
Something hits you but does no damage.
You bump into the rock wall.
Something hits you but does no damage. x2
You miss something. Something hits you but does no damage. Something hits you.
You die...

###...# ...# . #.# #...# #..#
.. #.# #.#.# # #..# ...#..
##.#.# ..#####..#### .....
##..#.. ...##.>...# #.##.
###..###.. #.#[....<# #. #.
#...## #.# #........####.##.
#.### #.#####{)..............
#.# #..#..@{#......#####..#
##.# #...####......# ##.. #..#
##÷.# #......# ##. #.## #...#
##.##### #.. ##.# ####...##
#..# ####.. ...######....#..#
##.### #....>
..)....##.#####.#####...#
#.####
..####...............##.####.#
# #.#
####.#####.####.....##†.####


There were no monsters in sight!

Vanquished Creatures
  3 adders
  3 worms
  An orc (D:3)
  6 endoplasms
  2 giant cockroaches
  4 goblins
  3 hobgoblins
  2 jackals (D:2)
  3 quokkas
  2 ball pythons
  3 bats
  A frilled lizard (D:2)
  3 kobolds
  2 rats
38 creatures vanquished.

Notes
Turn   | Place    | Note
-------+----------+-------------------------------------------
     0 | D:1      | Nedwor the Gargoyle Gladiator began the quest for the Orb.
     0 | D:1      | Reached XP level 1. HP: 12/12 MP: 1/1
   159 | D:1      | Found a faded altar of an unknown god.
   200 | D:1      | Reached XP level 2. HP: 18/18 MP: 2/2
   931 | D:2      | Reached skill level 1 in Armour
   941 | D:2      | Reached XP level 3. HP: 9/22 MP: 3/3
  1607 | D:3      | Reached XP level 4. HP: 27/27 MP: 4/4
  2019 | D:3      | Reached skill level 4 in Staves
  2044 | D:3      | HP: 1/27 [something (1)]
  2046 | D:3      | Slain by an orc wizard

Illustrated notes

Levels and vault maps discovered:
D:1:      dreamdust_arrival_sigmund_warning, layout_basic,
          basic_ecumenical_altar
D:2:      layout_loops_ring, chequers_serial_rivers_micro_d,
          chequers_serial_rivers_marsh
D:3:      layout_rooms

Skill      XL: |  1  2  3  4 |
---------------+-------------+-----
Armour         | 1 |  1.5
Staves         | 4 |  4.0
Fighting       | |  2.9
Throwing       | |  1.7
Dodging        | |  2.8

Action                   |  1- 3 |  4- 6 || total
-------------------------+-------+-------++-------
Melee: Quarterstaff      |   106 |    40 ||   146
Armor: Leather armour    |     7 |       ||     7
       Ring mail         |    50 |    35 ||    85
Dodge: Dodged            |    68 |    24 ||    92

Table legend: (Time is in decaauts)
 A = Elapsed time spent in this place.
 B = Non-inter-level travel time spent in this place.
 C = Inter-level travel time spent in this place.
 D = Time resting spent in this place.
 E = Time spent auto-exploring this place.
 F = Levels seen in this place.
 G = Mean time per level.
                   A        B        C        D        E       F      G
               +--------+--------+--------+--------+--------+-----+--------+
         Total |   2068 |   2038 |     30 |    170 |   1508 |   3 |  689.3 |
       Dungeon |   2068 |   2038 |     30 |    170 |   1508 |   3 |  689.3 |
               +--------+--------+--------+--------+--------+-----+--------+

Top non-repeatable levels by time:
     D:2: 834 daAuts
     D:1: 713 daAuts
     D:3: 520 daAuts
